 Dungeon Crawl Stone Soup version 0.31-a0-1207-g4ab8c38 (webtiles) character file.

Game seed: 17177058668577961857

2002003 Kearsarge the Phalangite (level 27, 271/271 HPs)
             Began as a Merfolk Fighter on Dec 13, 2023.
             Was an Initiate of Gozag.
             Escaped with the Orb
             ... and 3 runes!
             The game lasted 01:18:51 (48457 turns).

Kearsarge the Phalangite (Merfolk Fighter)         Turns: 48457, Time: 01:18:52

Health: 271/271    AC: 45    Str: 31    XL:     27
Magic:  23/23      EV: 25    Int:  6    God:    Gozag
Gold:   824        SH: 31    Dex: 15    Spells: 26/26 levels left

rFire   + . .        N - +10 demon trident of Might {freeze, Stlth+}
rCold   + . .        G - +8 tower shield {AC+3}
rNeg    + + .        (body armour currently unavailable)
rPois   ∞            g - +1 hat of the Equator {rC+ Will+}
rElec   +            W - +2 cloak {rCorr}
rCorr   +            (gloves currently unavailable)
SInv    +            (boots currently unavailable)
Will    ++++.        a - amulet of regeneration
Stlth   +            z - ring of the Magpie {Str+3 SInv}
HPRegen 1.45/turn    b - ring "Qecaan" {rF+ rN+ Will+ Stlth-}
MPRegen 0.18/turn

%: random rage (3%)
@: statue-form, studying Fighting, very slow
A: slow and powerful, torment resistance 1, boosted hp, (nimble swimmer 2),
mertail, horns 2, berserk 1, dopey 1, frail 1
0: Orb of Zot
}: 3/15 runes: decaying, serpentine, silver
a: Begin Untransformation, Renounce Religion, Potion Petition, Call Merchant,
Bribe Branch


You escaped.
You worshipped Gozag.
Gozag was pleased with you.
You were a living statue of rough stone.
You visited 10 branches of the dungeon, and saw 48 of its levels.
You visited 1 bazaar.
You visited 1 ziggurat, and saw 6 of its levels.
You also visited: Trove and Ice Cave.

You collected 27851 gold pieces.
You spent 8724 gold pieces at shops.
You paid 18303 gold pieces to Gozag.

Inventory:

Hand Weapons
 N - the +10 demon trident of Might (weapon) {freeze, Stlth+}
   (You found it in a treasure trove)

   Stlth+:    It makes you more stealthy.
Missiles
 u - 52 poisoned darts
 F - 13 curare-tipped darts
 R - a throwing net
Armour
 g - the +1 hat of the Equator (worn) {rC+ Will+}
   (You acquired it on level 2 of the Dungeon)

   rC+:       It protects you from cold.
   Will+:     It increases your willpower.
 r - the +3 warlock's mirror {omnireflect}
   (You bought it in a shop on level 2 of the Orcish Mines)

   Omnireflect: It can block and reflect piercing ranged attacks and magical
   attacks against the wielder's willpower.
 G - a +8 tower shield of protection (worn)
 W - a +2 cloak of preservation (worn)
Jewellery
 a - an amulet of regeneration (around neck)
 b - a ring "Qecaan" (right fist) {rF+ rN+ Will+ Stlth-}
   (You bought it in a shop on level 3 of the Dungeon)

   [ring of positive energy]

   rF+:       It protects you from fire.
   rN+:       It protects you from negative energy.
   Will+:     It increases your willpower.
   Stlth-:    It makes you less stealthy.
 h - a ring of protection from fire
 z - the ring of the Magpie (left fist) {Str+3 SInv}
   (You found it on level 5 of a ziggurat)

   [ring of see invisible]

   Str+3:     It affects your strength (+3).
   SInv:      It lets you see invisible.
Talismans
 E - a granite talisman (active)
Wands
 k - a wand of charming (67)
 o - a wand of mindburst (24)
 q - a wand of flame (81)
 y - a wand of polymorph (23)
 A - a wand of iceblast (35)
 H - a wand of acid (33)
 M - a wand of digging (16)
Scrolls
 i - 17 scrolls of teleportation
 m - 6 scrolls of amnesia
 t - 5 scrolls of fear
 v - 3 scrolls of immolation
 B - 2 scrolls of torment
 D - 5 scrolls of vulnerability
 J - 5 scrolls of poison
 K - 2 scrolls of revelation
 L - a scroll of blinking
 T - 3 scrolls of fog
 U - 6 scrolls of enchant weapon
 Y - a scroll of brand weapon
Potions
 c - 2 potions of might
 d - 9 potions of brilliance
 e - 2 potions of berserk rage
 f - 12 potions of lignification
 j - 15 potions of curing
 l - 6 potions of attraction
 n - a potion of haste
 p - a potion of invisibility
 w - 4 potions of ambrosia
 x - 6 potions of heal wounds
 C - a potion of magic
 P - 4 potions of resistance
 Q - 5 potions of enlightenment
 S - 2 potions of cancellation
Miscellaneous
 O - a phial of floods
 X - a lightning rod (4/4)


   Skills:
 + Level 22.9 Fighting
 - Level 25.0 Polearms
 - Level 2.1 Armour
 - Level 25.0 Dodging
 * Level 22.5 Shields
 - Level 25.0 Shapeshifting


You had 26 spell levels left.
You didn't know any spells.
Your spell library contained the following spells:

 Spells                   Type           Power      Damage    Failure   Level
 Apportation              Tloc           0%         N/A       54%         1
 Kiss of Death            Conj/Necr      0%         2d5       54%         1
 Magic Dart               Conj           0%         1d3       54%         1
 Necrotise                Necr           0%         1d4       54%         1
 Sandblast                Erth           0%         2d4       54%         1
 Shock                    Conj/Air       0%         1d3       54%         1
 Slow                     Hex            0%         N/A       54%         1
 Sting                    Tmut/Pois      0%         1d3       54%         1
 Summon Small Mammal      Summ           0%         N/A       54%         1
 Blink                    Tloc           0%         N/A       67%         2
 Call Imp                 Summ           0%         N/A       67%         2
 Cigotuvi's Dreadful Rot  Necr/Pois/Air  0%         N/A       67%         2
 Ensorcelled Hibernation  Hex/Ice        0%         N/A       67%         2
 Jinxbite                 Hex            0%         N/A       67%         2
 Passwall                 Tmut/Erth      0%         N/A       67%         2
 Poisonous Vapours        Pois/Air       0%         N/A       67%         2
 Static Discharge         Conj/Air       0%         3-3/arc   67%         2
 Wereblood                Tmut           0%         N/A       67%         2
 Call Canine Familiar     Summ           0%         N/A       88%         3
 Confusing Touch          Hex            0%         N/A       88%         3
 Dazzling Flash           Conj/Hex       0%         N/A       88%         3
 Ignite Poison            Fire/Tmut/Pois 0%         N/A       88%         3
 Mephitic Cloud           Conj/Pois/Air  0%         N/A       88%         3
 Sigil of Binding         Hex            0%         N/A       88%         3
 Stone Arrow              Conj/Erth      0%         3d7       88%         3
 Summon Guardian Golem    Hex/Summ       0%         N/A       88%         3
 Swiftness                Air            0%         N/A       88%         3
 Tukima's Dance           Hex            0%         N/A       88%         3
 Vampiric Draining        Necr           0%         2d6       88%         3
 Volatile Blastmotes      Fire/Tloc      0%         2d10      88%         3
 Airstrike                Air            0%         2d(0-16)  99%         4
 Anguish                  Hex/Necr       0%         N/A       99%         4
 Brom's Barrelling Bould  Conj/Erth      0%         2d3       99%         4
 Dispel Undead            Necr           0%         3d6       99%         4
 Fulminant Prism          Conj/Hex       0%         3d5       99%         4
 Iskenderun's Mystic Bla  Conj/Tloc      0%         2d3       99%         4
 Manifold Assault         Tloc           0%         N/A       99%         4
 Olgreb's Toxic Radiance  Pois           0%         N/A       99%         4
 Passage of Golubria      Tloc           0%         N/A       99%         4
 Sticky Flame             Conj/Fire      0%         2d3       99%         4
 Summon Ice Beast         Ice/Summ       0%         N/A       99%         4
 Summon Lightning Spire   Summ/Air       0%         N/A       99%         4
 Vhi's Electric Charge    Tloc/Air       0%         N/A       99%         4
 Agony                    Necr           0%         N/A       100%        5
 Alistair's Intoxication  Tmut/Pois      0%         N/A       100%        5
 Arcjolt                  Conj/Air       0%         1d10      100%        5
 Borgnjor's Vile Clutch   Necr/Erth      0%         N/A       100%        5
 Irradiate                Conj/Tmut      0%         3d11      100%        5
 Iskenderun's Battlesphe  Conj           0%         2d6       100%        5
 Silence                  Hex/Air        0%         N/A       100%        5
 Summon Forest            Summ/Tloc      0%         N/A       100%        5
 Yara's Violent Unravell  Hex/Tmut       0%         3d3       100%        5
 Bombard                  Conj/Erth      0%         9d1       100%        6
 Conjure Ball Lightning   Conj/Air       0%         3x3d6     100%        6
 Death Channel            Necr           0%         N/A       100%        6
 Eringya's Noxious Bog    Tmut/Pois      0%         4d6       100%        6
 Haunt                    Necr/Summ      0%         N/A       100%        7
 Spellforged Servitor     Conj/Summ      0%         N/A       100%        7
 Summon Hydra             Summ           0%         N/A       100%        7
 Borgnjor's Revivificati  Necr           0%         N/A       100%        8
 Discord                  Hex            0%         N/A       100%        8
 Disjunction              Tloc           0%         N/A       100%        8
 Ignition                 Fire           0%         3d3       100%        8
 Infestation              Necr           0%         N/A       100%        8
 Lehudib's Crystal Spear  Conj/Erth      0%         10d2      100%        8
 Maxwell's Capacitive Co  Air            0%         ∞         100%        8
 Death's Door             Necr           0%         N/A       100%        9
 Dragon's Call            Summ           0%         N/A       100%        9
 Sublimation of Blood     Necr           Unusable   N/A       N/A         2

Dungeon Overview and Level Annotations

Branches:
Dungeon (15/15)            Temple (1/1) D:5            Lair (5/5) D:11
  Swamp (4/4) Lair:3        Snake (4/4) Lair:3        Slime (0/5) Lair:5
    Orc (2/2) D:9             Elf (3/3) Orc:2        Vaults (5/5) D:13
  Crypt (0/3) Vaults:3     Depths (4/4) D:15            Zot (5/5) Depths:4
  IceCv (visited)

Altars:
Ashenzari
Cheibriados
Dithmenos
Elyvilon
Fedhas
Gozag
Hepliaklqana
Kikubaaqudgha
Makhleb
Nemelex Xobeh
Okawaru
Qazlal
Ru
Sif Muna
Trog
Uskayaw
Vehumet
Wu Jian
Xom
Yredelemnul
Zin
The Shining One
Jiyva
Lugonu

Shops:
D:1 =   D:2 :   D:3 ==   D:5 *   D:7 *   D:9 *   D:11 :   D:12 ([   Orc:2 [([(
Lair:1 ?[   Lair:2 [   Swamp:1 =   Vaults:1 *[?   Vaults:2 (   Vaults:4 *
Depths:2 ?*:   Depths:4 :=:

Portals:
Hell: Depths:2 Depths:4
Abyss: Lair:5
Pandemonium: Depths:2

Annotations:
D:5 1 runed translucent door, Crazy Yiuf
D:7 3 runed translucent doors, rotlqkf's ghost, novice TrMo
Lair:5 exclusion: oklob plant
Swamp:2 exclusion: 4 oklob plants
Elf:1 1 runed translucent door
Elf:2 3 runed translucent doors


Innate Abilities, Weirdness & Mutations

You are a living statue of rough stone.
Your actions are slow, but your melee attacks are powerful.
You are resistant to unholy torment.
Your maximum health is greatly increased.
Your equipment is partially melded.
You are immune to poison.
((You are very nimble when in or above water. (Stealth+, EV+, Speed+++)))
Your lower body shifts to a powerful aquatic tail in water.
You have a pair of horns on your head.
You sometimes lose your temper in combat.
You are dopey. (Int -2)
You are frail. (-10% HP)


Message History

The toenail golem is severely damaged.
You reach to attack!
You completely miss the toenail golem.
The toenail golem is severely damaged.
You reach to attack!
You perforate the toenail golem like a sieve!!!
You freeze the toenail golem.
You destroy the toenail golem!
No target in view!
No target in view!
There is a stone staircase leading up here.
You climb upwards.
There is a stone staircase leading down here.
As you read the scroll of teleportation, it crumbles to dust.
You feel strangely unstable.
You feel the Orb delaying your translocation!
You start waiting.
Your surroundings suddenly seem different.
As you read the scroll of teleportation, it crumbles to dust.
You feel strangely unstable.
You feel the Orb delaying your translocation!
You start waiting.
A Hell Sentinel comes into view.
The Hell Sentinel moves out of view.
As you read the scroll of teleportation, it crumbles to dust.
You feel strangely stable.
A Hell Sentinel is nearby!
The Hell Sentinel gestures at you. The iron shot hits you!!
The Hell Sentinel attacks as it pursues you!
You block the Hell Sentinel's attack. x2
A demonic crawler comes into view.
There is a stone staircase leading down here.
You block the Hell Sentinel's attack. x2
You enter a teleport trap!
The teleport trap disappears.
Your surroundings suddenly seem different.
Your legs become a tail as you enter the water.
HP restored.
There is an open door here.
There is a staircase leading out of the dungeon here.
You have escaped!

## #..##.#.....####
.###..............##
..##..#..#....###..#
......#.......####.######
#.##.##...~.~...~~..~..~#
..##.###..~≈≈~~~≈≈~≈~~≈≈#
#.##.##.~≈~≈≈≈####'#≈≈≈≈#
.......~~####≈#....#≈≈≈≈#
..####..~'.>#≈#.8>.#≈≈≈≈#
..# ##~≈####≈#....#≈≈≈≈#
### #~≈≈≈≈≈≈######≈≈≈≈#
#.~≈≈≈≈≈≈≈≈≈≈≈≈##≈#
#.~≈≈##≈≈≈≈≈≈≈≈##≈#
#.~~≈##≈≈≈≈≈≈≈≈≈≈≈#
#.≈≈≈≈≈≈≈≈≈≈≈≈≈≈≈≈#
#~~≈≈≈≈≈≈≈≈'###≈≈≈#
#.~≈≈###≈≈≈'>>+≈≈≈#


There were no monsters in sight!

Vanquished Creatures
  2 dread liches
  2 ancient liches
  3 orbs of fire (Zot:5)
  Sojobo (Vaults:4)
  2 Killer Klowns
  Bai Suzhen (Swamp:3)
  Parghit (Depths:4)
  10 golden dragons
  A pandemonium lord (D:4)
  Norris (Depths:2)
  Nikola (Vaults:2)
  the Enchantress (Depths:4)
  2 electric golems
  A Hell Sentinel (D:12)
  Rupert (D:12)
  5 liches
  6 tentacled monstrosities
  6 titans (Vaults:5)
  Jorgrun (Swamp:2)
  21 Orb Guardians
  3 quicksilver dragons
  9 sphinxes
  2 deep elf blademasters (Elf:3)
  An ancient champion (Vaults:3)
  3 deep elf master archers
  An Executioner (D:2)
  Frances (D:13)
  2 death cobs
  Gastronok (D:11)
  10 shadow dragons
  2 thorn hunters
  4 tengu reavers
  6 storm dragons
  4 draconian monks
  Aizul (Depths:2)
  9 nagarajas
  2 fenstrider witches
  4 draconian knights
  7 fire giants
  3 balrugs
  4 iron dragons
  4 deep elf sorcerers
  Louise (Elf:3)
  An angel (Depths:3)
  4 draconian scorchers
  11 frost giants
  A cacodemon (Depths:4)
  2 orc warlords (Orc:2)
  16 vault wardens
  4 deep elf elementalists
  2 ghouls (Swamp:3)
  3 draconian shifters
  2 quicksilver oozes (Vaults:1)
  3 draconian annihilators
  13 ironbound preservers
  4 war gargoyles (Vaults:5)
  6 eleionomae
  6 ironbound thunderhulks
  18 stone giants
  A juggernaut zombie (Zig:6)
  3 spriggan defenders (Depths:4)
  2 formless jellyfish
  25 very ugly things
  A demonspawn blood saint (D:12)
  9 deep elf annihilators
  2 green draconians (Zot:3)
  Nessos (Lair:3)
  2 vampire knights (Depths:4)
  Azrael (D:12)
  A black draconian (Zot:3)
  2 bunyips
  5 white draconians
  3 spark wasps (Depths:4)
  5 deep elf demonologists
  4 dire elephants (Vaults:1)
  6 purple draconians
  5 red draconians
  4 yellow draconians
  8 deep elf death magi
  A green death (D:11)
  An eidolon (Vaults:3)
  A blizzard demon (D:8)
  7 ettins
  5 fire dragons
  4 deep elf high priests
  A jiangshi (Vaults:3)
  3 mummy priests (Zig:6)
  A merfolk javelineer (Zig:3)
  An entropy weaver (shapeshifter) (Elf:1)
  A shambling mangrove (Swamp:4)
  10 yaktaur captains
  A spriggan zombie (Zig:6)
  2 rakshasas (Depths:2)
  A salamander tyrant (Depths:2)
  2 ogre magi (Orc:2)
  14 vault guards
  20 hydras
  2 ghost crabs
  6 great orbs of eyes
  3 ice dragons
  3 spriggan air magi
  10 alligators
  A caustic shrike simulacrum (IceCv)
  5 catoblepae
  2 peacekeepers
  A death knight (D:14)
  13 anacondas
  6 boulder beetles
  7 two-headed ogres
  10 ironbound frosthearts
  19 centaur warriors
  A two-headed ogre (shapeshifter) (Vaults:5)
  10 naga warriors
  4 death yaks (Lair:4)
  6 tengu warriors
  4 deep troll earth magi
  2 deep troll shamans (Depths:4)
  3 orc high priests
  3 thrashing horrors (Lair:5)
  3 spriggan berserkers
  14 dancing weapons
  13 deep elf knights
  13 naga sharpshooters
  12 shock serpents
  Nergalle (D:12)
  11 hell knights (Depths:4)
  A vampire mage (Depths:2)
  4 sun demons
  3 skysharks
  Amaemon (D:11)
  6 salamander mystics
  2 iron trolls (Depths:4)
  3 sixfirhies
  Lodul (D:12)
  4 goliath frogs
  4 spriggan druids
  29 deep trolls
  6 naga ritualists
  10 sea snakes
  4 glowing orange brains
  12 deep elf archers
  2 obsidian statues
  2 orange crystal statues (Zig:5)
  8 swamp dragons
  8 lindwurms
  An arcanist (Vaults:1)
  5 bog bodies
  2 flayed ghosts
  4 phantasmal warriors
  8 mana vipers
  19 ironbound convokers
  A necromancer (Depths:4)
  3 cyclopes
  18 deep elf pyromancers
  6 orc knights
  3 orc sorcerers
  25 ugly things
  21 deep elf zephyrmancers
  A glowing shapeshifter (Vaults:5)
  A harpy (Vaults:3)
  2 will-o-the-wisps (Swamp:4)
  22 salamanders
  4 manticores
  14 kobold blastminers
  14 moths of wrath
  A toenail golem (D:2)
  A rust devil (Depths:4)
  A black mamba (shapeshifter) (Elf:1)
  6 guardian serpents
  36 black mambas
  An ice statue (Zig:5)
  14 naga magi
  4 smoke demons (Lair:5)
  15 vault sentinels
  2 large abominations (Lair:5)
  An orange demon (Lair:1)
  5 cane toads
  A cane toad (shapeshifter) (Lair:5)
  3 unseen horrors
  An anaconda simulacrum (IceCv)
  A hellion (Zot:5)
  10 rime drakes
  16 komodo dragons
  32 yaktaurs
  6 freezing wraiths
  3 kobold demonologists
  2 tengu conjurers
  A tormentor (D:15)
  2 guardian mummies (Zig:6)
  2 merfolk (Zig:1)
  3 golden dragon simulacra (IceCv)
  A queen bee (shapeshifter) (Elf:1)
  2 red devils
  A bloated husk (Swamp:3)
  13 hornets
  A queen bee (D:10)
  A hellwing (Zot:5)
  An alligator simulacrum (IceCv)
  5 trolls
  A polar bear (shapeshifter) (D:14)
  5 tyrant leeches
  6 polar bears
  A raiju (Lair:5)
  4 dream sheep (Lair:5)
  29 blink frogs
  A glass eye (Depths:2)
  An air elemental (Elf:3)
  A slime creature (shapeshifter) (Elf:1)
  24 slime creatures
  11 spriggans
  3 shadows
  41 yaks
  A culicivora (shapeshifter) (Elf:1)
  2 water elementals (Elf:2)
  A vampire (D:14)
  A ynoxinul (Lair:5)
  4 wraiths
  6 wyverns
  An ushabti (Zig:6)
  12 basilisks
  4 fire elementals
  A neqoxec (D:4)
  4 steam dragons
  6 vampire mosquitoes
  41 nagas
  A chaos spawn (Lair:5)
  18 swamp worms
  9 wargs
  A hydra simulacrum (IceCv)
  3 acid dragons
  4 hell hounds (D:12)
  23 water moccasins
  3 ice beasts
  2 sky beasts
  8 swamp drakes
  A sky beast (shapeshifter) (Elf:1)
  45 orc warriors
  An ettin simulacrum (IceCv)
  2 black bears
  A boggart (Vaults:1)
  27 ogres
  8 small abominations (Lair:5)
  4 wolves (Lair:4)
  10 centaurs
  5 kobold brigands
  10 bullfrogs
  3 gnoll sergeants
  4 earth elementals
  3 scorpions
  8 wights (D:8)
  39 killer bees
  3 howler monkeys (D:7)
  2 electric eels
  2 centaur zombies (D:8)
  2 jellies
  A hound (D:4)
  A gnoll bouda (D:6)
  23 orc priests
  5 iguanas
  3 sleepcaps
  Ijyb (D:5)
  27 orc wizards
  2 mummies (Zig:6)
  22 gnolls
  12 adders
  3 white imps
  3 worms
  A dart slug (D:4)
  130 orcs
  8 bats
  8 endoplasms
  4 giant cockroaches
  8 hobgoblins
  15 jackals
  19 kobolds
  4 quokkas
  9 ball pythons
  6 frilled lizards
  7 goblins
  5 rats
  A fire vortex (D:4)
1874 creatures vanquished.

Vanquished Creatures (collateral kills)
  An ancient lich (Zot:5)
  A Killer Klown (Zot:5)
  A titan (Vaults:5)
  A fire giant (Vaults:5)
  6 vault guards (Vaults:5)
  An orange crystal statue (Zot:5)
  A moth of wrath (Zot:5)
  A yaktaur (Vaults:5)
  A swamp worm (Swamp:2)
  An orc wizard (D:5)
15 creatures vanquished.

Vanquished Creatures (others)
  A dread lich (Zot:5)
  4 orbs of fire (Zot:5)
  2 ancient liches (Vaults:5)
  A pandemonium lord (Zot:5)
  A golden dragon (Zot:5)
  An electric golem (Zot:5)
  A tentacled monstrosity (Zot:5)
  3 titans (Vaults:5)
  6 Orb Guardians (Zot:5)
  2 sphinxes (Vaults:5)
  An eldritch tentacle (Zot:5)
  A death cob (Zot:5)
  2 shadow dragons
  2 storm dragons
  A draconian knight (Zot:5)
  A tengu reaver (Vaults:5)
  A frost giant (Vaults:5)
  2 vault wardens (Vaults:5)
  A stone giant (Vaults:5)
  A very ugly thing (Vaults:5)
  3 yellow draconians (Zot:5)
  2 green draconians (Zot:5)
  A deep elf demonologist (Vaults:5)
  2 purple draconians (Zot:5)
  A red draconian (Zot:5)
  2 blizzard demons (Zot:5)
  A yaktaur captain (Vaults:5)
  12 vault guards (Vaults:5)
  A ghost crab (Swamp:3)
  A hell knight (Vaults:5)
  A sun demon (D:8)
  A deep elf knight (Elf:3)
  A sea snake (shapeshifter) (Vaults:5)
  An ironbound convoker (Vaults:5)
  A deep elf archer (Elf:1)
  A phantasmal warrior (Vaults:5)
  A shining eye (shapeshifter) (Vaults:5)
  A large abomination (Zot:5)
  A vault sentinel (Vaults:5)
  A black mamba (shapeshifter) (Vaults:5)
  2 yaktaurs
  An ice devil (Zot:5)
  5 bloated husks
  A tyrant leech (Swamp:3)
  2 vampire mosquitoes (Swamp:3)
  A swamp worm (Swamp:3)
  An ogre (Orc:2)
  An adder (D:3)
  A gnoll (D:5)
  An orc (Orc:1)
  10 foxfires (Swamp:4)
97 creatures vanquished.

Grand Total: 1986 creatures vanquished

Notes
Turn   | Place    | Note
-------+----------+-------------------------------------------
     0 | D:1      | Kearsarge the Merfolk Fighter began the quest for the Orb.
     0 | D:1      | Reached XP level 1. HP: 18/18 MP: 1/1
    13 | D:1      | Found Fakkisa's Jewellery Shop.
   190 | D:1      | Found a faded altar of an unknown god.
   222 | D:1      | Reached XP level 2. HP: 8/24 MP: 2/2
   405 | D:1      | Reached XP level 3. HP: 29/30 MP: 3/3
   790 | D:2      | Identified a scroll of acquirement
   796 | D:2      | Acquired the +1 hat of the Equator {rC+ Will+}
   868 | D:2      | Found Wuggat's Book Shop.
   901 | D:2      | Reached XP level 4. HP: 37/37 MP: 4/4
  1063 | D:2      | Reached skill level 5 in Polearms
  1580 | D:3      | Found Kuckas's Jewellery Shoppe.
  1628 | D:3      | Found a radiant altar of Vehumet.
  1692 | D:3      | You fall into a shaft and drop 3 floors!
  1708 | D:5      | Entered Level 5 of the Dungeon
  1719 | D:5      | Reached XP level 5. HP: 43/43 MP: 5/5
  1856 | D:5      | Found a staircase to the Ecumenical Temple.
  1869 | Temple   | Entered the Ecumenical Temple
  1874 | Temple   | Became a worshipper of Gozag Ym Sagoz the Greedy
  1889 | D:5      | Identified the +1 robe "Rahya" {+Inv rC- rN+++ Str+5}
  1915 | D:5      | Reached skill level 5 in Fighting
  1915 | D:5      | Reached XP level 6. HP: 38/51 MP: 6/6
  2285 | D:3      | Found a blossoming altar of Fedhas.
  2303 | D:3      | Found a white marble altar of Elyvilon.
  2338 | D:3      | Found an ancient bone altar of Kikubaaqudgha.
  2532 | D:3      | Found Veoxt's One-of-a-Kind Rings.
  3663 | D:4      | Identified the +7 sling of Classification {drain, rElec}
  4076 | D:5      | Reached XP level 7. HP: 56/56 MP: 7/7
  4846 | D:5      | Found a glowing golden altar of the Shining One.
  4846 | D:5      | Noticed Ijyb
  4864 | D:5      | Killed Ijyb
  4909 | D:5      | Found a runed translucent door.
  4910 | D:5      | Noticed Crazy Yiuf
  4946 | D:5      | Reached XP level 8. HP: 59/65 MP: 8/8
  5027 | D:5      | Found Teluu's General Store.
  5052 | D:5      | Reached skill level 10 in Polearms
  5490 | D:3      | Bought a ring "Qecaan" {rF+ rN+ Will+ Stlth-} for 458 gold
                  | pieces
  6198 | D:6      | Found a burning altar of Makhleb.
  6661 | D:7      | Reached XP level 9. HP: 74/74 MP: 9/9
  6696 | D:7      | Reached skill level 1 in Shapeshifting
  7023 | D:1      | Bought a ring of poison resistance for 280 gold pieces
  7238 | D:7      | Found a runed translucent gate.
  7238 | D:7      | Found a runed translucent gate.
  7238 | D:7      | Found a runed translucent gate.
  7239 | D:7      | Noticed a spectral unseen horror
  7239 | D:7      | Noticed rotlqkf's ghost (novice TrMo)
  7266 | D:7      | Found a bloodstained altar of Trog.
  7310 | D:7      | Found Rofipt's General Store.
  8160 | D:8      | Found a basalt altar of Yredelemnul.
  8204 | D:8      | Reached skill level 5 in Shapeshifting
  8204 | D:8      | Reached XP level 10. HP: 59/83 MP: 10/10
  9174 | D:9      | Found Valymu's Assorted Antiques.
  9184 | D:9      | Bought a scroll of brand weapon for 247 gold pieces
  9184 | D:9      | Bought 2 scrolls labelled EKAUBEULENYMM for 52 gold pieces
  9184 | D:9      | Bought a scroll of identify for 52 gold pieces
  9679 | D:9      | Reached skill level 10 in Shapeshifting
  9764 | D:9      | Found a glowing silver altar of Zin.
  9806 | D:9      | Found a staircase to the Orcish Mines.
 10085 | D:9      | Noticed a two-headed ogre
 10095 | D:9      | Killed a two-headed ogre
 10106 | D:9      | Reached XP level 11. HP: 85/89 MP: 11/11
 10426 | D:10     | Entered Level 10 of the Dungeon
 10778 | D:5      | Bought a granite talisman for 780 gold pieces
 10778 | D:5      | Bought a scroll of identify for 26 gold pieces
 10916 | D:10     | Noticed a manticore
 10916 | D:10     | Noticed a catoblepas
 10930 | D:10     | Killed a catoblepas
 10941 | D:10     | Killed a manticore
 11338 | D:10     | Found a snail-covered altar of Cheibriados.
 11373 | D:10     | Found a shimmering blue altar of Sif Muna.
 11566 | D:11     | Reached skill level 15 in Shapeshifting
 11779 | D:11     | Noticed Gastronok
 11815 | D:11     | Killed Gastronok
 11816 | D:11     | Reached XP level 12. HP: 83/97 MP: 12/12
 11955 | D:11     | Reached skill level 1 in Dodging
 12047 | D:11     | Found Jofuwk's Book Shop.
 12383 | D:11     | Noticed a boulder beetle
 12420 | D:11     | Found a staircase to the Lair.
 12435 | Lair:1   | Entered Level 1 of the Lair of Beasts
 12448 | D:11     | Killed a boulder beetle
 12769 | Orc:1    | Entered Level 1 of the Orcish Mines
 12895 | D:9      | Reached skill level 15 in Polearms
 13007 | D:9      | Reached skill level 5 in Dodging
 13340 | Orc:2    | Entered Level 2 of the Orcish Mines
 13623 | Orc:2    | Noticed an ogre mage
 13630 | Orc:2    | Killed an ogre mage
 13727 | Orc:2    | Noticed an orc warlord
 13733 | Orc:2    | Killed an orc warlord
 13746 | Orc:2    | Reached XP level 13. HP: 102/102 MP: 13/13
 13848 | Orc:2    | Noticed an orc warlord
 13865 | Orc:2    | Killed an orc warlord
 13890 | Orc:2    | Reached skill level 10 in Fighting
 14551 | Orc:2    | Found Woytih's Antique Weapon Emporium.
 14555 | Orc:2    | Found Lessizei's Antique Armour Shoppe.
 15006 | Orc:2    | Found Suig's Antique Armour Shop.
 15017 | Orc:2    | Bought the +3 warlock's mirror {omnireflect} for 1000 gold
                  | pieces
 15017 | Orc:2    | Found the +3 warlock's mirror {omnireflect}
 15424 | Orc:2    | Found a staircase to the Elven Halls.
 15592 | Orc:2    | Found Listrof's Weapon Shop.
 16277 | Lair:1   | Noticed Amaemon
 16478 | D:11     | Killed Amaemon
 16573 | Lair:1   | Bought a scroll of butterflies for 68 gold pieces
 16575 | Lair:1   | Bought an embroidered cloak for 262 gold pieces
 16575 | Lair:1   | Bought an embroidered cloak for 262 gold pieces
 16728 | Lair:1   | Reached XP level 14. HP: 115/115 MP: 14/14
 16803 | Lair:1   | Identified the +5 flail of Defence {freeze, Str+2 SInv}
 18607 | Lair:3   | Found a staircase to the Swamp.
 18703 | Lair:3   | Noticed Nessos
 18706 | Lair:3   | Killed Nessos
 19003 | Lair:3   | Found a staircase to the Snake Pit.
 20005 | Lair:5   | Entered Level 5 of the Lair of Beasts
 20144 | Lair:5   | Reached XP level 15. HP: 126/126 MP: 15/15
 20289 | Lair:5   | Found a viscous altar of Jiyva.
 20289 | Lair:5   | Found a staircase to the Slime Pits.
 20498 | Lair:5   | Reached skill level 10 in Dodging
 20710 | Lair:5   | Found a corrupted altar of Lugonu.
 20710 | Lair:5   | Found a one-way gate to the infinite horrors of the Abyss.
 21445 | D:12     | Noticed Nergalle
 21474 | D:12     | Killed Nergalle
 21623 | D:12     | Noticed Rupert
 21629 | D:12     | Killed Rupert
 21767 | D:12     | Noticed Azrael
 21771 | D:12     | Noticed Lodul
 21786 | D:12     | Killed Azrael
 21798 | D:12     | Killed Lodul
 22273 | D:13     | Identified the amulet of the Messenger {RegenMP +Inv rF+}
 22308 | D:13     | Identified the +5 falchion of the Sharing Gods {heavy,
                  | Will+ Dex+4}
 22389 | D:13     | Noticed Frances
 22404 | D:13     | Killed Frances
 22580 | D:13     | Found a gate to the Vaults.
 22995 | D:14     | Reached XP level 16. HP: 133/133 MP: 16/16
 23066 | D:14     | Found Zin's Purification Station.
 23069 | D:14     | Found a glowing silver altar of Zin.
 23072 | D:14     | Bought a potion of curing for 90 gold pieces
 23645 | D:15     | Entered Level 15 of the Dungeon
 23753 | D:15     | Found a frozen archway.
 23780 | IceCv    | Entered an ice cave
 23796 | IceCv    | Found a transporter.
 23948 | IceCv    | Found a transporter.
 24139 | D:15     | Reached skill level 5 in Shields
 24168 | D:15     | Reached skill level 15 in Fighting
 24274 | D:15     | Found a staircase to the Depths.
 24810 | Snake:1  | Entered Level 1 of the Snake Pit
 25604 | Snake:2  | Noticed a nagaraja
 25619 | Snake:2  | Killed a nagaraja
 25903 | Snake:1  | Reached skill level 10 in Shields
 26050 | Snake:1  | Reached XP level 17. HP: 137/142 MP: 17/17
 27880 | Snake:4  | Entered Level 4 of the Snake Pit
 27984 | Snake:4  | Reached skill level 15 in Dodging
 28734 | Snake:4  | Reached XP level 18. HP: 149/149 MP: 18/18
 28999 | Snake:4  | Got a serpentine rune of Zot
 29480 | Swamp:1  | Entered Level 1 of the Swamp
 30272 | Swamp:2  | Noticed Jorgrun
 30287 | Swamp:2  | Killed Jorgrun
 31247 | Swamp:4  | Entered Level 4 of the Swamp
 31254 | Swamp:4  | Noticed Bai Suzhen
 31298 | Swamp:3  | Killed Bai Suzhen
 31539 | Swamp:4  | Reached XP level 19. HP: 155/155 MP: 19/19
 31792 | Swamp:4  | Got a decaying rune of Zot
 32417 | Elf:1    | Entered Level 1 of the Elven Halls
 32417 | Elf:1    | Found a runed translucent gate.
 32417 | Elf:1    | Found a runed translucent gate.
 32417 | Elf:1    | Found a runed translucent gate.
 32417 | Elf:1    | Found a runed translucent gate.
 32417 | Elf:1    | Found a runed translucent gate.
 32417 | Elf:1    | Found a runed translucent gate.
 32418 | Elf:1    | Found a runed translucent door.
 32425 | Elf:1    | Found a runed translucent door.
 32443 | Elf:1    | Identified the +2 quarterstaff "Byqupn" {holy, rC+ rCorr
                  | Str+4}
 33122 | Elf:1    | Found a portal to a secret trove of treasure.
 33423 | Lair:1   | Bought shiny fire dragon scales for 2205 gold pieces
 33686 | Elf:1    | You paid a toll of +3 fire dragon scales to enter a
                  | treasure trove
 33687 | Trove    | Entered a treasure trove
 33694 | Trove    | Identified the +10 demon trident of Might {freeze, Stlth+}
 33711 | Trove    | Identified the ring of Xicyeluo {Ice rN+ Will+ Str-3 Int+3}
 33713 | Trove    | Identified the +0 demon trident "Papowagh" {elec, Dex+3}
 33791 | Elf:1    | Found a shimmering blue altar of Sif Muna.
 33920 | Elf:1    | Got the Directory of Configuration
 33922 | Elf:1    | Got Asmodeus's Grimoire of Company
 34409 | Elf:2    | Found a runed translucent gate.
 34413 | Elf:2    | Found a runed translucent gate.
 34413 | Elf:2    | Found a runed translucent gate.
 34736 | Elf:3    | Entered Level 3 of the Elven Halls
 34748 | Elf:3    | Identified the +5 morningstar "Wuihythu" {drain, rPois
                  | Int+2}
 35112 | Elf:3    | Noticed Louise
 35139 | Elf:3    | Killed Louise
 35232 | Elf:3    | Paralysed by an air elemental for 1 turns
 35297 | Elf:3    | Reached XP level 20. HP: 162/162 MP: 20/20
 35344 | Elf:3    | Identified the +2 broad axe of Melee {drain, Stlth+}
 35344 | Elf:3    | Identified the ring of the Leaf {Wiz Int+5}
 35388 | Elf:3    | Identified the +9 plate armour of Context {rF+ rC- SInv}
 35547 | Elf:3    | Got Izenui Pudo's Commentary on Fateful Vicissitude
 35854 | Elf:3    | Identified the ring "Fosautot" {rElec rF+ Will- Int+3}
 36313 | Vaults:1 | Entered Level 1 of the Vaults
 36395 | Vaults:1 | Found a runed translucent door.
 36471 | Vaults:1 | Identified the ring of Fogon {Wiz Int+3}
 37409 | Vaults:1 | Found Uplutod's Magic Scroll Shop.
 37416 | Vaults:1 | Bought a scroll of blinking for 120 gold pieces
 37416 | Vaults:1 | Bought a scroll of enchant armour for 120 gold pieces
 37416 | Vaults:1 | Bought a scroll of enchant armour for 120 gold pieces
 37631 | Vaults:1 | Found Yxiphux's Assorted Antiques.
 37655 | Vaults:1 | Bought a scroll of revelation for 217 gold pieces
 37655 | Vaults:1 | Bought a scroll of revelation for 217 gold pieces
 38112 | Vaults:2 | Found Gezule's Weapon Emporium.
 38494 | Vaults:2 | Noticed Nikola
 38502 | Vaults:2 | Reached XP level 21. HP: 170/170 MP: 21/21
 38515 | Vaults:2 | Killed Nikola
 39137 | Vaults:3 | Noticed Sojobo
 39149 | Vaults:3 | Paralysed by an air elemental for 1 turns
 39157 | Vaults:3 | Paralysed by an air elemental for 1 turns
 39164 | Vaults:3 | Paralysed by an air elemental for 1 turns
 39226 | Vaults:3 | Paralysed by an air elemental for 1 turns
 39238 | Vaults:4 | Killed Sojobo
 39818 | Vaults:3 | Found a staircase to the Crypt.
 39987 | Vaults:4 | Found Ebimeruucw's Assorted Antiques.
 40804 | Vaults:4 | Found the +5 glaive of the Guard {elec, spectral}
 41332 | Vaults:5 | Entered Level 5 of the Vaults
 41332 | Vaults:5 | Noticed an ancient lich
 41344 | Vaults:5 | Noticed an ancient lich
 41350 | Vaults:5 | Reached XP level 22. HP: 181/181 MP: 22/22
 41364 | Vaults:5 | Killed an ancient lich
 41378 | Vaults:5 | Reached skill level 15 in Shields
 41412 | Vaults:5 | Noticed an ancient lich
 41614 | Vaults:5 | Noticed a dread lich
 41622 | Vaults:5 | Killed a dread lich
 41630 | Vaults:5 | Noticed a golden dragon
 41639 | Vaults:5 | Killed a golden dragon
 41672 | Vaults:5 | Got the Folio of Poisonous Lamentation
 41770 | Vaults:5 | Identified the +7 hand axe of Fuwkiawyap {freeze, rF+ rC+
                  | rN+ Will+}
 41794 | Vaults:5 | Killed an ancient lich
 41849 | Vaults:5 | Identified the ring of Aregula {Will- Str+2 Int+5 Dex+6}
 41967 | Vaults:5 | Identified the +0 chain mail "Xuam" {rElec Regen+ Int-2
                  | Dex+6}
 42067 | Vaults:5 | Got a silver rune of Zot
 42520 | Vaults:5 | Identified the ring of Lust {+Blink rElec rN+ Will- rCorr}
 42610 | Vaults:5 | Identified the +1 scale mail of Altruism {-Cast -Tele +Inv
                  | rC++}
 42621 | Vaults:5 | Got the Discursus on Spectres
 42622 | Vaults:5 | Identified the staff of the Wary Underlurkers {rPois rF-
                  | Int+2 Summ Earth Poison}
 42811 | Vaults:5 | Identified the +8 halberd of the Several Artists {vamp,
                  | rElec rCorr Str+2 Stlth+}
 43248 | Depths:1 | Entered Level 1 of the Depths
 43453 | Depths:1 | Found Naala's Magic Scroll Shoppe.
 43592 | Depths:2 | Found Huabets's Magic Scroll Shop.
 43682 | Depths:2 | Found Ehufuost's Assorted Antiques.
 43682 | Depths:2 | Found Uderi's Book Shop.
 43687 | Depths:2 | Bought a scroll of blinking for 150 gold pieces
 43687 | Depths:2 | Bought a scroll of fear for 80 gold pieces
 43734 | Depths:2 | Reached XP level 23. HP: 190/190 MP: 23/23
 43871 | Depths:2 | Found a one-way gate leading to the halls of Pandemonium.
 43875 | Depths:2 | Noticed a golden dragon
 43885 | Depths:2 | Killed a golden dragon
 43894 | Depths:2 | Identified the serpent talisman of Follow the Leader
                  | {Str+3}
 43894 | Depths:2 | Noticed Aizul
 43914 | Depths:2 | Killed Aizul
 43965 | Depths:2 | Noticed a golden dragon
 43968 | Depths:2 | Noticed Norris
 44193 | Depths:2 | Killed a golden dragon
 44204 | Depths:2 | Killed Norris
 44462 | Depths:2 | Found a gateway to Hell.
 44876 | Depths:3 | Found a one-way gateway to a ziggurat.
 44986 | Zig:1    | Entered Level 1 of a ziggurat
 45019 | Zig:2    | Entered Level 2 of a ziggurat
 45055 | Zig:2    | Reached XP level 24. HP: 201/201 MP: 23/23
 45058 | Zig:3    | Entered Level 3 of a ziggurat
 45126 | Zig:4    | Entered Level 4 of a ziggurat
 45128 | Zig:4    | Noticed Laili the pandemonium lord
 45157 | Zig:4    | Identified the +3 trident "Iluleo" {heavy, rN+ Will+}
 45159 | Zig:5    | Entered Level 5 of a ziggurat
 45173 | Zig:5    | Noticed a dread lich
 45191 | Zig:5    | Killed a dread lich
 45333 | Zig:5    | Reached XP level 25. HP: 208/208 MP: 23/23
 45336 | Zig:5    | Identified the ring of the Magpie {Str+3 SInv}
 45376 | Zig:6    | Entered Level 6 of a ziggurat
 45454 | Zig:6    | Identified the +1 flail "Midoir" {spect, rC+ Will+}
 45661 | Depths:4 | Entered Level 4 of the Depths
 45940 | Depths:4 | Noticed Parghit
 45957 | Depths:4 | Killed Parghit
 45983 | Depths:4 | Noticed the Enchantress
 45989 | Depths:4 | Killed the Enchantress
 45990 | Depths:4 | Reached XP level 26. HP: 217/217 MP: 23/23
 46108 | Depths:4 | Found a gateway to a bazaar.
 46122 | Bazaar   | Entered a bazaar
 46134 | Bazaar   | Found Baeg's Magic Scroll Shoppe.
 46140 | Bazaar   | Found Retim's Distillery.
 46148 | Bazaar   | Bought a potion of cancellation for 88 gold pieces
 46155 | Bazaar   | Bought a scroll of enchant armour for 105 gold pieces
 46155 | Bazaar   | Bought a scroll of revelation for 105 gold pieces
 46169 | Bazaar   | Found Keam's Assorted Antiques.
 46172 | Bazaar   | Found Res Lel's Assorted Antiques.
 46180 | Bazaar   | Bought a potion of might for 100 gold pieces
 46414 | Depths:4 | Found Equp's Jewellery Shoppe.
 46415 | Depths:4 | Found Iptitu's Book Shop.
 46415 | Depths:4 | Found Pomalel's Book Shop.
 46425 | Depths:4 | Bought a manual of Fighting for 1520 gold pieces
 46531 | Depths:4 | Found a gate to the Realm of Zot.
 46559 | Zot:1    | Entered Level 1 of the Realm of Zot
 46761 | Zot:3    | Noticed a Killer Klown
 46827 | Zot:3    | Killed a Killer Klown
 47000 | Zot:4    | Identified the +0 leather armour "Noxoq" {+Inv rPois Dex-4
                  | Slay-2}
 47007 | Zot:5    | Entered Level 5 of the Realm of Zot
 47284 | Zot:5    | Noticed an ancient lich
 47288 | Zot:5    | Noticed an orb of fire
 47292 | Zot:5    | Noticed an orb of fire
 47292 | Zot:5    | Noticed a dread lich
 47292 | Zot:5    | Noticed an orb of fire
 47292 | Zot:5    | Noticed a Killer Klown
 47292 | Zot:5    | Noticed an orb of fire
 47292 | Zot:5    | Noticed a Killer Klown
 47292 | Zot:5    | Noticed an orb of fire
 47293 | Zot:5    | Killed a Killer Klown
 47314 | Zot:5    | Killed an orb of fire
 47329 | Zot:5    | Noticed an orb of fire
 47335 | Zot:5    | Gained mutation: Your body sometimes deteriorates upon
                  | taking damage. [an orb of fire]
 47347 | Zot:5    | Killed an orb of fire
 47352 | Zot:5    | Killed an orb of fire
 47358 | Zot:5    | Killed a Killer Klown
 47617 | Zot:5    | Noticed an ancient lich
 47629 | Zot:5    | Killed an ancient lich
 47633 | Zot:5    | Noticed an orb of fire
 47638 | Zot:5    | Gained mutation: You do not regenerate when monsters are
                  | visible. [an orb of fire]
 47639 | Zot:5    | Gained mutation: You are frail. (-10% HP) [an orb of fire]
 47642 | Zot:5    | Gained mutation: You are weak. (Str -2) [an orb of fire]
 47643 | Zot:5    | Killed an orb of fire
 47644 | Zot:5    | Lost mutation: You are weak. (Str -2) [potion of mutation]
 47644 | Zot:5    | Lost mutation: You do not regenerate when monsters are
                  | visible. [potion of mutation]
 47644 | Zot:5    | Lost mutation: Your body sometimes deteriorates upon taking
                  | damage. [potion of mutation]
 47644 | Zot:5    | Gained mutation: You have a pair of small horns on your
                  | head. [potion of mutation]
 47644 | Zot:5    | Gained mutation: Your flesh is heat resistant. (rF+)
                  | [potion of mutation]
 47661 | Zot:5    | Reached XP level 27. HP: 207/207 MP: 23/23
 47665 | Zot:5    | Noticed an orb of fire
 47666 | Zot:5    | Noticed an orb of fire
 47671 | Zot:5    | Noticed an orb of fire
 47672 | Zot:5    | Noticed an ancient lich
 47675 | Zot:5    | Noticed an orb of fire
 47676 | Zot:5    | Gained mutation: You sometimes lose your temper in combat.
                  | [an orb of fire]
 47684 | Zot:5    | Gained mutation: You do not regenerate when monsters are
                  | visible. [an orb of fire]
 47685 | Zot:5    | Gained mutation: You have a pair of horns on your head. [an
                  | orb of fire]
 47686 | Zot:5    | Gained mutation: You are very frail. (-20% HP) [an orb of
                  | fire]
 47692 | Zot:5    | Lost mutation: You have a pair of horns on your head.
                  | [potion of mutation]
 47692 | Zot:5    | Lost mutation: You are very frail. (-20% HP) [potion of
                  | mutation]
 47692 | Zot:5    | Gained mutation: You are weak. (Str -2) [potion of
                  | mutation]
 47692 | Zot:5    | Gained mutation: Armour fits poorly on your strangely
                  | shaped body. [potion of mutation]
 47693 | Zot:5    | Lost mutation: Armour fits poorly on your strangely shaped
                  | body. [potion of mutation]
 47693 | Zot:5    | Lost mutation: Your flesh is heat resistant. (rF+) [potion
                  | of mutation]
 47693 | Zot:5    | Gained mutation: You occasionally lose the ability to read
                  | scrolls when taking damage. [potion of mutation]
 47693 | Zot:5    | Gained mutation: You are partially covered in large bone
                  | plates. (SH +4) [potion of mutation]
 47693 | Zot:5    | Gained mutation: You passively dampen the noise of your
                  | surroundings. [potion of mutation]
 47694 | Zot:5    | Lost mutation: You do not regenerate when monsters are
                  | visible. [potion of mutation]
 47694 | Zot:5    | Lost mutation: You are partially covered in large bone
                  | plates. (SH +4) [potion of mutation]
 47694 | Zot:5    | Lost mutation: You sometimes lose your temper in combat.
                  | [potion of mutation]
 47694 | Zot:5    | Gained mutation: You are strong-willed. (Will+) [potion of
                  | mutation]
 47695 | Zot:5    | Lost mutation: You passively dampen the noise of your
                  | surroundings. [potion of mutation]
 47695 | Zot:5    | Lost mutation: You are weak. (Str -2) [potion of mutation]
 47695 | Zot:5    | Lost mutation: You are strong-willed. (Will+) [potion of
                  | mutation]
 47695 | Zot:5    | Gained mutation: You are dopey. (Int -2) [potion of
                  | mutation]
 47695 | Zot:5    | Gained mutation: You are covered in fur. (AC +1) [potion of
                  | mutation]
 47696 | Zot:5    | Lost mutation: You are covered in fur. (AC +1) [potion of
                  | mutation]
 47696 | Zot:5    | Lost mutation: You occasionally lose the ability to read
                  | scrolls when taking damage. [potion of mutation]
 47696 | Zot:5    | Gained mutation: You sometimes lose your temper in combat.
                  | [potion of mutation]
 47696 | Zot:5    | Gained mutation: You have a pair of horns on your head.
                  | [potion of mutation]
 47784 | Zot:5    | Got the Orb of Zot
 47809 | Zot:5    | Noticed Boguideo the pandemonium lord
 47815 | Zot:5    | Killed Boguideo the pandemonium lord
 48125 | D:13     | Noticed Zisojug the pandemonium lord
 48177 | D:12     | Noticed Kagomuh the pandemonium lord
 48354 | D:4      | Noticed Jucwisk the pandemonium lord
 48362 | D:4      | Killed Jucwisk the pandemonium lord
 48395 | D:3      | Noticed Kyicufuy the pandemonium lord
 48457 | D:$      | Escaped with the Orb!

Illustrated notes

Levels and vault maps discovered:
D:1:      minmay_arrival_floating_metal, layout_basic,
          hellmonk_ecumenical_altar_arch_garden, serial_shops, shop
D:2:      minmay_general_purpose_star, layout_basic, serial_shops, shop,
          hangedman_decor_points
D:3:      layout_basic, mainiacjoe_overflow_chevrons, old_standard_altar,
          elyvilon_altar_4, fedhas_altar_2, serial_shops,
          nicolae_shop_pleasant_corner_grove, minmay_misc_feat_tower,
          nicolae_shop_unique_rings
D:4:      layout_basic
D:5:      layout_loops_ring, lemuel_tele_altar, minmay_temple_entry_water_ring,
          serial_shops, shop, uniq_ijyb, uniq_crazy_yiuf_cottage
D:6:      layout_basic, amcnicky_altar_gilded
D:7:      layout_basic, lightli_temple_of_fire, gammafunk_ghost_necromancy,
          serial_shops, shop, dreamdust_mushroom_princess,
          serial_bayou_lagoon_a, minivault_24
D:8:      layout_basic, lemuel_zombie_altar_yredelemnul, minivault_11
D:9:      layout_cave_pods, mainiacjoe_overflow_24_doors, hiddenorc2_lemuel,
          serial_shops, nicolae_shop_overgrown_old_shop
D:10:     nzn_motion_control, layout_cave_pools, mainiacjoe_overflow_alcove_1,
          mainiacjoe_overflow_alcove_2, special_room [special_room_bee]
D:11:     layout_long_grid, erik_lair_dragon, serial_shops,
          nicolae_shop_real_fake_doors, uniq_gastronok
D:12:     layout_long_grid, hangedman_abyss_or_decor_stabs, uniq_rupert,
          uniq_nergalle, uniq_azrael, uniq_lodul
D:13:     layout_rooms, lightli_vaults_fourway_checkpoint, uniq_frances
D:14:     layout_long_grid, serial_bayou_pond_b, zin_purify
D:15:     grunt_enter_depths_snipers, layout_stronghold,
          portal_ice_cave_entry_frozen_things
Temple:   minmay_freezing_vapour_temple
Lair:1:   layout_regular_city, chequers_serial_rivers_micro_c,
          lemuel_old_faithful, grunt_megastairs_4, uniq_amaemon
Lair:2:   regret_index_malice_mire, layout_loops_ring, lemuel_fruit_tree,
          serial_bayou_shore_b
Lair:3:   layout_hall_layers, minmay_swamp_entry_reptiles,
          nicolae_snake_entry_squirm, minivault_26, uniq_nessos
Lair:4:   layout_regular_city, beast_lair_carwin_8, serial_bayou_shore_b
Lair:5:   hellmonk_lair_end_abyssal_woods, layout_cave_pods,
          dpeg_slime_entry_enclosed, minmay_lair_oklob_items
Swamp:1:  layout_basic_swamp, evilmike_swamp_ruin_house_1
Swamp:2:  dpeg_oklob_gauntlet, layout_basic_swamp, evilmike_swamp_ruin_house_6,
          swamp_pool_4, uniq_jorgrun
Swamp:3:  layout_basic_swamp, nicolae_swamp_stair_fork
Swamp:4:  swamp_alternative, layout_basic_swamp, swamp_pool_1_2,
          nicolae_swamp_super_fun_site, uniq_bai_suzhen
Snake:1:  nicolae_snake_attic_fulla_snakes, layout_onion,
          serial_library_hellmonk_filled_rooms, nicolae_twisty_statue_hallways
Snake:2:  layout_grid_shapes, nicolae_triple_integral, grunt_megastairs_3
Snake:3:  layout_misc_corridors
Snake:4:  grunt_snake_rune_pools, layout_basic, grunt_megastairs_2
Orc:1:    layout_caves, serial_shops, mines2_lemuel
Orc:2:    grunt_orc_community_town_hall, layout_caves,
          grunt_orc_community_big_house_2, grunt_orc_community_big_house_2,
          grunt_orc_community_house_2, grunt_orc_community_house_2,
          grunt_orc_community_house_1, grunt_orc_community_house_1,
          grunt_orc_community_house_2, grunt_orc_community_house_2,
          mines4_lemuel
Elf:1:    nicolae_elf_arrival_dilemma, layout_gridlike, enter_trove_1,
          nicolae_elf_shapeshifter_party, hangedman_elven_ridges,
          serial_library_hellmonk_statue_hall, grunt_megastairs_1
Elf:2:    nicolae_elf_blades_crystal_corner, layout_onion_city
Elf:3:    grunt_elf_hall_branching, layout_loops_corners, st_stairs_2,
          uniq_louise
Vaults:1: nicolae_vaults_little_squares_2, ontoclasm_vaults_claustrophobia,
          vaults_room_mumra_shop_pool, hangedman_vaults_capsules,
          nicolae_vaults_more_shelving_2, nicolae_vaults_stepped_doors,
          nicolae_vaults_oozy_zoo, nicolae_vaults_trapezoid_4,
          vaults_dpeg_cross, nicolae_vaults_heart-shaped_vault, v_misc_25,
          nicolae_vaults_storage_closets_1, nicolae_vaults_closet_pinwheel_1,
          nicolae_vaults_tangram_1, layout_vaults_omnicross, serial_shops,
          nicolae_shop_waterfront
Vaults:2: v_alt_pattern_5, nicolae_vaults_little_squares_2, vaults_dpeg_spiral,
          nicolae_vaults_tangram_1, nicolae_vaults_trapezoid_4,
          hangedman_vaults_trim, layout_vaults_omnigrid, serial_shops, shop,
          uniq_nikola
Vaults:3: nicolae_vaults_closet_pinwheel_1, nicolae_vaults_double_plus_2,
          hangedman_vaults_hat, nicolae_vaults_layer_cake_slice,
          minmay_crypt_entry_simple_plaza, ontoclasm_vaults_shuriken,
          nicolae_vaults_mini_display_case, ontoclasm_vaults_tryst, v_misc_2,
          grunt_vaults_twisty, layout_vaults_big_room, uniq_sojobo
Vaults:4: nicolae_vaults_trapezoid_1, nicolae_vaults_big_angled_halls,
          nicolae_vaults_more_shelving_1, nicolae_vaults_two_Ls,
          minmay_guarded_unrand_guard_vaults, dpeg_vaults_monster_box,
          v_rooms_4, vaults_dpeg_doors, nicolae_vaults_storage_room_water,
          v_misc_16, nicolae_vaults_shelves_hall, ontoclasm_vaults_chip,
          layout_vaults_omnibox, serial_shops, shop
Vaults:5
Depths:1: layout_gridlike, grunt_mini_vestibule, ebering_ghost_rock_garden,
          nemelex_lonely_heart_becter, minmay_librarian, minmay_shop_star
Depths:2: cheibrodos_salmonella, layout_basic, hell_entry,
          minmay_misc_feat_plants, pan_entry, abyss_entry_crystal,
          nicolae_shop_distant_corner_stores, uniq_norris, uniq_aizul,
          uniq_grunn
Depths:3: grunt_house_of_mirrors, layout_cave_pools, enter_ziggurat_c,
          serial_sigils, serial_sigils_hangedman_clutch,
          serial_sigils_hangedman_gnaw, serial_sigils_hangedman_snap,
          serial_sigils_hangedman_scratch, serial_sigils_hangedman_shear,
          serial_sigils_hangedman_writhe, minmay_room_of_horrors, hell_entry,
          old_standard_altar, st_stairs_4, kennysheep_generic_room_4
Depths:4: evilmike_zot_entry_hall, layout_cave_pools, minmay_misc_feat_columns,
          rand_demon_pan_entry_9, serial_shops, statue_bzr, hell_entry,
          minmay_shop_grove, uniq_parghit, uniq_enchantress
Zot:1:    layout_gridlike
Zot:2:    layout_cathedral_of_symmetry, door_vault, grunt_megastairs_5
Zot:3:    layout_misc_corridors, hangedman_zot_diagonal_lockstep
Zot:4:    layout_concentric_octagons
Zot:5:    layout_misc_corridors

Skill      XL: |  1  2  3  4  5  6  7  8  9 10 11 12 13 14 15 16 17 18 19 20 21 22 23 24 25 26 27 |
---------------+----------------------------------------------------------------------------------+-----
Polearms       | 3 4 5 6 7 9 11 13 17 19 21 23 25 | 25.0
Fighting       | 4 5 6 7 9 12 14 15 17 18 19 22 | 22.9
Shapeshifting  | 5 11 16 19 20 23 25 | 25.0
Dodging        | 7 8 9 12 16 18 19 21 22 23 25 | 25.0
Shields        | 10 12 14 17 18 19 21 22 | 22.5
Armour         | |  2.1

Action                     |  1- 3 |  4- 6 |  7- 9 | 10-12 | 13-15 | 16-18 | 19-21 | 22-24 | 25-27 || total
---------------------------+-------+-------+-------+-------+-------+-------+-------+-------+-------++-------
  Melee: Trident           |   153 |   217 |   382 |   847 |  1517 |  1569 |   166 |       |       ||  4851
         Tailslap          |       |       |       |     3 |       |    32 |     6 |     5 |       ||    46
         Demon trident     |       |       |       |       |       |       |  1086 |   928 |   870 ||  2884
         Headbutt          |       |       |       |       |       |       |       |       |    28 ||    28
   Fire: Sling             |       |    13 |     4 |       |       |       |       |       |       ||    17
  Throw: Throwing net      |       |       |       |     2 |       |       |       |       |       ||     2
         Dart              |       |       |       |     4 |     1 |     1 |       |       |       ||     6
 Invoke: Call Merchant     |       |       |       |       |     5 |     1 |     1 |       |       ||     7
         Potion Petition   |       |       |       |       |       |     3 |       |     4 |       ||     7
         Bribe Branch      |       |       |       |       |       |       |     1 |       |     2 ||     3
  Evoke: Wand              |       |     7 |     9 |     6 |       |    13 |     4 |     1 |     4 ||    44
         Lightning rod     |       |       |       |       |       |       |       |     4 |       ||     4
    Use: Scroll            |     4 |     4 |     9 |    12 |    10 |    13 |    10 |    13 |    17 ||    92
         Potion            |     1 |     2 |       |     1 |     2 |     7 |     3 |     2 |    24 ||    42
   Stab: Held in net/web   |       |       |       |     3 |       |       |       |       |       ||     3
         Distracted        |       |       |       |     6 |    10 |    13 |     9 |     7 |     5 ||    50
         Petrified         |       |       |       |     4 |    11 |       |       |       |       ||    15
         Sleeping          |       |       |       |       |     1 |     1 |     4 |       |       ||     6
         Petrifying        |       |       |       |       |     1 |       |       |       |       ||     1
         Invisible         |       |       |       |       |       |     4 |       |       |       ||     4
         Confused          |       |       |       |       |       |     1 |       |       |       ||     1
 Armour: Scale mail        |    82 |   103 |    61 |    77 |       |       |       |       |       ||   323
         Ring mail         |       |       |    98 |       |       |       |       |       |       ||    98
         Skin              |       |       |       |   288 |   859 |  1283 |   790 |   726 |   511 ||  4457
  Dodge: Dodged            |    61 |    58 |    66 |   214 |   825 |  1272 |   768 |   695 |   506 ||  4465
  Block: Buckler           |    44 |    46 |    80 |   369 |   812 |   781 |   552 |   189 |       ||  2873
         Reflection        |       |       |       |    20 |    70 |   103 |   116 |    26 |       ||   335
         Tower shield      |       |       |       |       |       |       |       |  1017 |  1218 ||  2235
   Form: Statue            |       |       |       |     2 |       |       |       |       |       ||     2
                           |       |       |       |     1 |       |       |       |       |       ||     1

Table legend: (Time is in decaauts)
 A = Elapsed time spent in this place.
 B = Non-inter-level travel time spent in this place.
 C = Inter-level travel time spent in this place.
 D = Time resting spent in this place.
 E = Time spent auto-exploring this place.
 F = Levels seen in this place.
 G = Mean time per level.
                   A        B        C        D        E       F      G
               +--------+--------+--------+--------+--------+-----+--------+
         Total |  62899 |  55417 |   7482 |   2333 |  39534 |  57 | 1103.5 |
       Dungeon |  20066 |  17016 |   3050 |    761 |  12870 |  15 | 1337.7 |
        Temple |    135 |    127 |      8 |    122 |      0 |   1 |  135.0 |
          Lair |   7127 |   6568 |    559 |      0 |   5276 |   5 | 1425.4 |
         Swamp |   3271 |   3078 |    193 |     73 |   2127 |   4 |  817.8 |
     Snake Pit |   6496 |   6228 |    268 |    268 |   4563 |   4 | 1624.0 |
  Orcish Mines |   4554 |   4075 |    479 |    265 |   2866 |   2 | 2277.0 |
   Elven Halls |   4799 |   3436 |   1363 |    109 |   2349 |   3 | 1599.7 |
        Vaults |   9610 |   8960 |    650 |    295 |   6618 |   5 | 1922.0 |
        Depths |   3828 |   3243 |    585 |    105 |   1984 |   4 |  957.0 |
           Zot |   1829 |   1505 |    324 |    237 |    427 |   5 |  365.8 |
      Ziggurat |    734 |    734 |      0 |     94 |    250 |   6 |  122.3 |
        Bazaar |    125 |    125 |      0 |      0 |     64 |   1 |  125.0 |
         Trove |     78 |     78 |      0 |      0 |      9 |   1 |   78.0 |
      Ice Cave |    241 |    241 |      0 |      0 |    127 |   1 |  241.0 |
               +--------+--------+--------+--------+--------+-----+--------+

Top non-repeatable levels by time:
   Orc:2: 3571 daAuts
    D:11: 2729 daAuts
Vaults:5: 2215 daAuts
Vaults:4: 2091 daAuts
     D:9: 2082 daAuts
 Snake:4: 2016 daAuts
Vaults:1: 1984 daAuts
   Elf:1: 1900 daAuts
   Elf:3: 1882 daAuts
 Snake:2: 1856 daAuts
  Lair:5: 1822 daAuts
Vaults:3: 1700 daAuts
     D:5: 1644 daAuts
Vaults:2: 1618 daAuts
Depths:2: 1580 daAuts
